 Dungeon Crawl Stone Soup version 0.24.0-123-gd5b16e6ec5 (webtiles) character file.

Game seed: 14776164995254747715, levelgen mode: deterministic

65 Hasart the Sneak (level 3, -2/24 HPs)
             Began as a Vampire Earth Elementalist on Jan 15, 2020.
             Killed by divine providence
             ... invoked by an orc priest
              (12 damage)
             ... on level 2 of the Dungeon.
             The game lasted 00:03:34 (1525 turns).

Hasart the Sneak (Vampire Earth Elementalist)       Turns: 1525, Time: 00:03:35

Health: -2/24      AC:  2    Str:  7    XL:     3   Next: 92%
Magic:  6/6        EV: 13    Int: 18    God:
Gold:   84         SH:  0    Dex: 14    Spells: 2/6 levels left

rFire    . . .     SeeInvis +   a - +0 short sword
rCold    . . .     Gourm    .   (no shield)
rNeg     . . .     Faith    .   c - +0 robe
rPois    .         Spirit   .   (no helmet)
rElec    .         Reflect  .   (no cloak)
rCorr    .         Harm     .   (no gloves)
MR       .....                  (no boots)
Stlth    +++.......             (no amulet)
HPRegen  0.28/turn              (no ring)
MPRegen  0.10/turn              (no ring)

@: regenerating quickly
A: no food, fangs 3, see invisible, unbreathing
a: Exsanguinate


You were on level 2 of the Dungeon.
You were alive.

You visited 1 branch of the dungeon, and saw 3 of its levels.

You collected 84 gold pieces.

Inventory:

Hand Weapons
 a - a +0 short sword (weapon)
Missiles
 b - 36 stones (quivered)
Armour
 c - a +0 robe (worn)
Jewellery
 i - an uncursed ring of see invisible {unknown}
Scrolls
 e - 3 scrolls of fog {unknown}
 f - a scroll of identify {unknown}
 g - a scroll of blinking {unknown}
 h - a scroll of immolation {unknown}
 j - a scroll of enchant weapon {unknown}
Potions
 d - 2 potions of berserk rage {unknown}


   Skills:
 - Level 0.1 Fighting
 - Level 0.8 Short Blades
 + Level 2.6 Dodging
 - Level 4.1 Stealth
 - Level 0.1 Unarmed Combat
 + Level 2.2 Spellcasting
 + Level 0.0 Conjurations
   Level 1.1 Transmutations
 * Level 3.8 Earth Magic


You had 2 spell levels left.
You knew the following spells:

 Your Spells              Type           Power        Failure   Level  Hunger
a - Sandblast             Erth           ###...       3%          1    N/A
b - Stone Arrow           Conj/Erth      #.....       24%         3    N/A

Your spell library contained the following spells:

 Spells                   Type           Power        Failure   Level  Hunger
 Passwall                 Tmut/Erth      ##......     10%         2    N/A
 Petrify                  Tmut/Erth      ##......     54%         4    N/A
 Lee's Rapid Deconstruct  Erth           ###.......   71%         5    N/A

Dungeon Overview and Level Annotations

Branches:
Dungeon (3/15)

Altars:


Innate Abilities, Weirdness & Mutations

You do not eat.
Your natural rate of healing is unusually fast.
You have razor-sharp teeth.
You have supernaturally acute eyesight. (SInv)
You can survive without breathing.


Message History

Things that are here:
a +0 short sword; a +0 scale mail; an orc corpse You hit the rat.
You kill the rat!
Your magical contamination has completely faded away.
Things that are here:
a +0 short sword; a +0 scale mail; an orc corpse
There is a stone staircase leading up, spattered with blood here.
You start resting.
HP restored.
You start resting.
Magic restored.
You climb upwards.
The orc priest calls down the wrath of Beogh upon you.
Beogh smites you!
Ouch! That really hurt!
The orc priest mumbles some strange prayers to Beogh against you.
Beogh smites you!
Ouch! That really hurt!
You die...

.......#.## .#####..#.####### .#
#.###......# .#
#..#.%..##.############ .#
#.#.###....)†<...##...#
%#####.#.######.#####......# ####
.......#.##...).# #..#.[.# #...
##...###.##.###.## #..##.## #.##
#...#......##..@####..##.# #o#
#...#.............##..##.# #.#
#.###......##....#.#..##.# #o#
#.# #.................o.o# #o#
#.# #.......##.#.#...###.# #.#
##.#####...#####...#..###.####.##
...........###.......o...o.)o....
##.#####.......##.##.#o........##
#.#..............##.#.##.###..#


You could see an orc priest and an orc wizard.

Vanquished Creatures
  An adder (D:2)
  2 dart slugs (D:1)
  A worm (D:2)
  A leopard gecko (D:2)
  An orc (D:3)
  2 giant cockroaches
  A goblin (D:1)
  9 hobgoblins
  4 jackals (D:1)
  2 ball pythons (D:1)
  6 bats
  6 frilled lizards
  5 kobolds
  5 rats
46 creatures vanquished.

Notes
Turn   | Place    | Note
-------+----------+-------------------------------------------
     0 | D:1      | Hasart the Vampire Earth Elementalist began the quest for
                  | the Orb.
     0 | D:1      | Reached XP level 1. HP: 13/13 MP: 3/3
    74 | D:1      | Reached XP level 2. HP: 2/19 MP: 1/5
   588 | D:1      | Reached XP level 3. HP: 24/24 MP: 6/6
   975 | D:2      | Learned a level 3 spell: Stone Arrow
  1224 | D:2      | Reached skill level 4 in Stealth
  1525 | D:2      | Killed from afar by an orc priest

Levels and vault maps discovered:
D:1:      minmay_arrival_semitransparent, layout_loops_ring
D:2:      layout_loops_ring, first_ration, kennysheep_cross_room
D:3:      layout_loops_corners, chequers_ecumenical_altar_simple_redux

Skill      XL: |  1  2  3 |
---------------+----------+-----
Stealth        | 4 |  4.1
Fighting       | |  0.1
Short Blades   | |  0.8
Dodging        | |  2.6
Unarmed Combat | |  0.1
Spellcasting   | |  2.2
Transmutations | |  1.1
Earth Magic    | |  3.8

Action                   || total
-------------------------++-------
Melee: Unarmed           ||    32
       Bite              ||     8
       Short sword       ||    93
 Cast: Sandblast         ||    23
  Use: Scroll            ||     2
 Stab: Sleeping          ||    13
Armor: Robe              ||    27
Dodge: Dodged            ||    91
